 Dungeon Crawl Stone Soup version 0.27.0-1-g7a089689b8 (webtiles) character file.

Game seed: 3861287391093410372

231 Sin92 the Skirmisher (level 5, -4/42 HPs)
             Began as a Demonspawn Fighter on Aug 11, 2021.
             Slain by an ogre (19 damage)
             ... on level 4 of the Dungeon on Aug 12, 2021.
             The game lasted 00:05:48 (3356 turns).

Sin92 the Skirmisher (Demonspawn Fighter)           Turns: 3356, Time: 00:05:49

Health: -4/42      AC: 18    Str: 17    XL:     5   Next: 73%
Magic:  5/5        EV:  5    Int: 10    God:
Gold:   115        SH: 13    Dex: 12    Spells: 4/4 levels left

rFire    . . .     SeeInvis .   d - +1 flail (protect)
rCold    . . .     Faith    .   c - +0 kite shield
rNeg     . . .     Spirit   .   l - +0 chain mail {rPois}
rPois    +         Reflect  .   (no helmet)
rElec    .         Harm     .   r - +0 cloak
rCorr    .         Rampage  .   (no gloves)
Will     .....                  s - +0 pair of boots
Stlth    ..........             (no amulet)
HPRegen  0.14/turn              (no ring)
MPRegen  0.09/turn              (no ring)

@: brilliant, under a protective aura
A: large bone plates 1, powered by death 2
a: no special abilities


You were on level 4 of the Dungeon.
You visited 1 branch of the dungeon, and saw 4 of its levels.

You collected 115 gold pieces.

Inventory:

Hand Weapons
 a - a +0 war axe
 d - a +1 flail of protection (weapon)
Armour
 b - a +0 scale mail
 c - a +0 kite shield (worn)
 l - a +0 chain mail of poison resistance (worn)
 r - a +0 cloak (worn)
 s - a +0 pair of boots (worn)
Jewellery
 p - a ring of flight
Scrolls
 e - 3 scrolls of teleportation {unknown}
 f - 2 scrolls of amnesia {unknown}
 h - 3 scrolls of identify {unknown}
 i - a scroll of noise {unknown}
 j - a scroll of fear {unknown}
 k - 2 scrolls of enchant weapon {unknown}
Potions
 m - a potion of heal wounds {unknown}
 n - a potion of lignification {unknown}
 o - 2 potions of flight {unknown}
 q - a potion of curing {unknown}


   Skills:
 + Level 3.8 Fighting
 - Level 3.1(3.3) Axes
 + Level 1.1(2.3) Maces & Flails
 + Level 3.4 Armour
 + Level 1.7 Dodging
 + Level 3.3 Shields


You had 4 spell levels left.
You didn't know any spells.
Your spell library contained the following spells:

 Spells                   Type           Power      Damage    Failure   Level
 Magic Dart               Conj           0%         1d3       100%        1
 Sting                    Tmut/Pois      0%         1d3       100%        1
 Call Imp                 Summ           0%         N/A       100%        2
 Poisonous Vapours        Pois/Air       0%         N/A       100%        2
 Frozen Ramparts          Ice            0%         1d2       100%        3
 Mephitic Cloud           Conj/Pois/Air  0%         N/A       100%        3
 Ice Form                 Ice/Tmut       0%         N/A       100%        4
 Olgreb's Toxic Radiance  Pois           0%         N/A       100%        4
 Summon Ice Beast         Ice/Summ       0%         N/A       100%        4


Dungeon Overview and Level Annotations

Branches:
Dungeon (4/15)
 Temple: D:4-7

Altars:
Yredelemnul


Innate Abilities, Weirdness & Mutations

You are partially covered in large bone plates. (SH +4)
You regenerate health from kills.


Message History

Unknown command.
You are too injured to fight recklessly!
Unknown command.
You are too injured to fight recklessly!
Your shield prevents you from hitting the ogre.
The ogre is moderately wounded.
You block the ogre's attack.
You hit the ogre.
The ogre is heavily wounded.
The ogre hits you but does no damage.
You sock the ogre!
The ogre is almost dead.
You block the ogre's attack.
Unknown command.
You thump the ogre!
You kill the ogre!
Your life force feels restored.
Your base Maces & Flails skill increases to level 1!
You see here a +0 giant club.
An ogre comes into view. It is wielding a +0 giant club.
The ogre shouts!
An ogre is nearby!
There is a stone staircase leading up here.
Unknown command.
The ogre hits you with a +0 giant club!
Unknown command.
You are too injured to fight recklessly!
Unknown command.
You are too injured to fight recklessly!
You are too injured to fight recklessly!
Unknown command.
You are too injured to fight recklessly!
Unknown command.
It was a potion of brilliance.
You feel clever all of a sudden.
You hit the ogre.
Your weapon exudes an aura of protection.
The ogre is lightly wounded.
The ogre hits you with a +0 giant club!!
You die...

#.#
#.#
#.#
#)#
#.##
#..#
##.#
#<#
#@#
#O#
#.#
#.#
#.#
#.#
#.#
#.#


You could see an ogre.

Vanquished Creatures
  An ogre (D:4)
  Jessica (D:2)
  Terence (D:2)
  An adder (D:3)
  A worm (D:2)
  4 dart slugs
  An orc (D:2)
  4 ball pythons
  7 bats
  7 endoplasms
  2 giant cockroaches (D:1)
  7 goblins
  11 hobgoblins
  4 jackals (D:3)
  8 kobolds
  2 quokkas
  2 frilled lizards
  7 rats
71 creatures vanquished.

Vanquished Creatures (others)
  A plant (D:1)
1 creature vanquished.

Grand Total: 72 creatures vanquished

Notes
Turn   | Place    | Note
-------+----------+-------------------------------------------
     0 | D:1      | Sin92 the Demonspawn Fighter began the quest for the Orb.
     0 | D:1      | Reached XP level 1. HP: 18/18 MP: 1/1
    81 | D:1      | Gained mutation: You are partially covered in large bone
                  | plates. (SH +4) [demonic ancestry]
    81 | D:1      | Reached XP level 2. HP: 24/24 MP: 2/2
   439 | D:1      | Reached XP level 3. HP: 29/29 MP: 3/3
   516 | D:1      | Found a faded altar of an unknown god.
  1419 | D:2      | Reached skill level 1 in Dodging
  1427 | D:2      | Found a basalt altar of Yredelemnul.
  1510 | D:2      | Noticed Jessica
  1510 | D:2      | Noticed Terence
  1524 | D:2      | Killed Terence
  1525 | D:2      | Gained mutation: You regenerate a little health from kills.
                  | [demonic ancestry]
  1525 | D:2      | Reached XP level 4. HP: 8/35 MP: 4/4
  1528 | D:2      | Killed Jessica
  2394 | D:3      | Gained mutation: You regenerate health from kills. [demonic
                  | ancestry]
  2394 | D:3      | Reached XP level 5. HP: 17/39 MP: 5/5
  3251 | D:4      | Noticed an ogre
  3260 | D:4      | Killed an ogre
  3261 | D:4      | Reached skill level 1 in Maces & Flails
  3351 | D:4      | Noticed an ogre
  3356 | D:4      | Slain by an ogre

Illustrated notes

Levels and vault maps discovered:
D:1:      tarquinn_simple_flora_water_d, layout_basic,
          dilly_ecumenical_altar_fadedgnrine, minmay_pentomino_u2
D:2:      layout_loops_ring, basic_altar, grunt_decor_clamped, uniq_jessica,
          uniq_terence
D:3:      layout_loops_corners, minmay_fractal_squares_5
D:4:      layout_loops_ring, minmay_temple_entry_poolview,
          nicolae_wooded_promenade, chequers_decorated_corner,
          uniq_crazy_yiuf_cottage, uniq_edmund

Skill      XL: |  1  2  3  4  5 |
---------------+----------------+-----
Axes           | 2 3 |  3.1
Armour         | 3 |  3.4
Dodging        | 1 |  1.7
Shields        | 3 |  3.3
Maces & Flails | 1 |  1.1
Fighting       | |  3.8

Action                   |  1- 3 |  4- 6 || total
-------------------------+-------+-------++-------
Melee: War axe           |   120 |     4 ||   124
       Flail             |       |    92 ||    92
  Use: Potion            |     1 |     1 ||     2
Armor: Scale mail        |    37 |       ||    37
       Chain mail        |       |    53 ||    53
Dodge: Dodged            |    41 |    23 ||    64
Block: Kite shield       |    91 |    79 ||   170
